 Dungeon Crawl Stone Soup version 0.28.0-43-g3370ac3207 (webtiles) character file.

Game seed: 11883330036735753796

214 terff the Covert (level 5, 0/35 HPs)
             Began as an Octopode Brigand on Mar 20, 2022.
             Shot with an arrow by a centaur (15 damage)
             ... on level 5 of the Dungeon.
             The game lasted 00:05:32 (1877 turns).

terff the Covert (Octopode Brigand)                 Turns: 1877, Time: 00:05:33

Health: 0/35       AC:  1    Str: 10    XL:     5   Next: 91%
Magic:  5/5        EV: 13    Int: 14    God:
Gold:   103        SH:  0    Dex: 21    Spells: 4/4 levels left

rFire   . . .      SeeInvis .   a - +2 dagger
rCold   . . .      Faith    .   (no shield)
rNeg    . . .      Spirit   .   (helmet restricted)
rPois   .          Reflect  .   (no amulet)
rElec   .          Harm     .   f - +6 ring of dexterity
rCorr   .          Rampage  .   (no ring)
Will    .....                   (no ring)
Stlth   +++++.....              (no ring)
HPRegen 0.11/turn               (no ring)
MPRegen 0.09/turn               (no ring)
                                (no ring)
                                (no ring)

@: no status effects
A: almost no armour, amphibious, 8 rings, camouflage 1, gelatinous body 1,
(nimble swimmer 1), tentacles
a: no special abilities


You were on level 5 of the Dungeon.
You visited 1 branch of the dungeon, and saw 6 of its levels.

You collected 103 gold pieces.

Inventory:

Hand Weapons
 a - a +2 dagger (weapon)
Missiles
 b - 8 poisoned darts (quivered)
 c - 2 curare-tipped darts
Jewellery
 f - a +6 ring of dexterity (left tentacle)
 l - a ring of resist corrosion
Scrolls
 d - a scroll of enchant weapon {unknown}
 e - a scroll of enchant armour {unknown}
 k - a scroll of fog {unknown}
Potions
 g - a potion of heal wounds {unknown}
 h - a potion of brilliance {unknown}
 i - 2 potions of ambrosia {unknown}
 j - a potion of degeneration {unknown}


   Skills:
 + Level 2.6 Fighting
 + Level 2.8 Short Blades
 + Level 2.2 Throwing
 + Level 1.9 Dodging
 + Level 8.2 Stealth


You had 4 spell levels left.
You didn't know any spells.
Your spell library was empty.

Dungeon Overview and Level Annotations

Branches:
Dungeon (6/15)
 Temple: D:4-7

Altars:
Nemelex Xobeh

Shops:
D:4 !


Innate Abilities, Weirdness & Mutations

You cannot wear most types of armour.
You are amphibious.
You can wear up to eight rings at the same time.
Your skin changes colour to match your surroundings (Stealth+).
Your rubbery body absorbs attacks. (AC +1, EV +1)
((You are camouflaged when in or above water. (Stealth+)))
You have tentacles for arms and can constrict up to eight enemies at once.


Message History

The centaur skeleton is moderately damaged.
The centaur skeleton closely misses you.
The centaur skeleton barely misses you.
You hit the centaur skeleton.
The centaur skeleton is moderately damaged.
The centaur skeleton closely misses you. x2
You hit the centaur skeleton.
The centaur skeleton is moderately damaged.
The centaur skeleton hits you. The centaur skeleton barely misses you.
You hit the centaur skeleton. You squeeze the centaur skeleton!
The centaur skeleton is almost destroyed.
The centaur skeleton hits you. The centaur skeleton kicks you.
You hit the centaur skeleton. You squeeze the centaur skeleton.
You destroy the centaur skeleton!
There is a stone staircase leading up here.
You climb upwards.
There is a stone staircase leading down here.
You see here a +0 scale mail.
You open the door.
There is an open door here.
The centaur shouts!
The centaur wields a +0 shortbow.
The centaur shoots an arrow.
The arrow closely misses you.
The centaur shoots an arrow.
The arrow hits you.
The centaur shoots an arrow.
The arrow hits you.
The centaur shoots an arrow.
The arrow misses you.
You see here a ring of resist corrosion.
l - a ring of resist corrosion The centaur shoots an arrow.
The arrow closely misses you.
The centaur shoots an arrow.
The arrow barely misses you.
The centaur shoots an arrow.
The arrow hits you!
There is an open door here.
Something hits the bush.
Something kicks the bush but does no damage.
Something hits the bush but does no damage.
Something kicks the bush but does no damage.
Something hits the bush but does no damage.
Something kicks the bush.
The centaur wields a +0 shortbow.
The centaur shoots an arrow.
The arrow hits you!
You die...

. ##..###...##....####...[
...#..###...##...........#
.........#.....>.............
...≈≈####....................
...≈..?cP....................
...≈≈####....................
.........#....[..............
.........#...................
.........#..@................
####..###...##.......##...
#..###...##.......#####
#....'...#.............
#....#...#.............
+....#...#.............
#....#...#.............
###.##.####..##...##.##
#+#### #..##...##'##


You could see a centaur.

Vanquished Creatures
  A centaur zombie (D:5)
  2 hounds
  A centaur skeleton (D:6)
  2 iguanas
  An adder (D:3)
  A shadow imp (D:5)
  An ufetubus (D:5)
  An orc (D:3)
  A ball python (D:3)
  A giant cockroach (D:3)
  4 goblins
  2 hobgoblins (D:2)
  4 jackals (D:3)
  A kobold (D:3)
  A frilled lizard (D:3)
  A rat (D:3)
25 creatures vanquished.

Vanquished Creatures (others)
  17 plants (D:3)
17 creatures vanquished.

Grand Total: 42 creatures vanquished

Notes
Turn   | Place    | Note
-------+----------+-------------------------------------------
     0 | D:1      | terff the Octopode Brigand began the quest for the Orb.
     0 | D:1      | Reached XP level 1. HP: 14/14 MP: 1/1
   284 | D:3      | Found a sparkling altar of Nemelex Xobeh.
   293 | D:3      | Reached XP level 2. HP: 19/19 MP: 2/2
   377 | D:3      | Reached skill level 6 in Stealth
   842 | D:3      | Reached XP level 3. HP: 13/24 MP: 3/3
  1166 | D:4      | Found Uzyd's Distillery.
  1188 | D:4      | Reached XP level 4. HP: 26/30 MP: 4/4
  1197 | D:5      | Entered Level 5 of the Dungeon
  1217 | D:5      | Reached skill level 7 in Stealth
  1609 | D:5      | Reached XP level 5. HP: 27/35 MP: 5/5
  1752 | D:5      | Noticed a centaur
  1810 | D:6      | Reached skill level 8 in Stealth
  1815 | D:6      | Noticed a necrophage
  1877 | D:5      | Shot with an arrow by a centaur

Illustrated notes

Levels and vault maps discovered:
D:1:      ncdulo_wetmaze, layout_loops_ring, serial_shops,
          nicolae_shop_waterfront, nrook_campfire, minmay_splitting_lines,
          corexii_hall_statues_deadend, chequers_garden
D:2:      layout_basic
D:3:      layout_basic, nemelex_xobeh_ov_fountains_minmay,
          minmay_misc_feat_square, chequers_serial_rivers_large_a,
          kennysheep_pointless_box, guppyfry_early_lair_pool
D:4:      layout_cave_pools, serial_shops, nicolae_shop_window_shopping,
          shop_statue, nicolae_shop_behind_doors, nicolae_shop_hallway_plus
D:5:      layout_gridville, kb_lookout_dungeons_type, minmay_misc_feat_x,
          nicolae_shop_gadgets, uniq_duvessa
D:6:      layout_loops_ring, st_stairs_12, uniq_eustachio, uniq_prince_ribbit1

Skill      XL: |  1  2  3  4  5 |
---------------+----------------+-----
Stealth        | 6 7 8 |  8.2
Fighting       | |  2.6
Short Blades   | |  2.8
Throwing       | |  2.2
Dodging        | |  1.9

Action                   |  1- 3 |  4- 6 || total
-------------------------+-------+-------++-------
Melee: Dagger            |    33 |    27 ||    60
       Constrict         |    10 |     4 ||    14
       Tentacles         |     6 |    12 ||    18
  Use: Scroll            |     1 |       ||     1
 Stab: Sleeping          |     3 |     1 ||     4
Armor: Skin              |     3 |       ||     3
Dodge: Dodged            |    16 |    27 ||    43
